 Dungeon Crawl Stone Soup version 0.31-a0-1598-g94871bc (webtiles) character file.

Game seed: 5970859973765741670

322 danspanner the Conjurer (level 6, -16/33 (36) HPs)
             Began as an Octopode Conjurer on Jan 7, 2024.
             Demolished by a wight
             ... wielding a +3 halberd
              (20 damage)
             ... on level 4 of the Dungeon.
             The game lasted 00:12:52 (3614 turns).

danspanner the Conjurer (Octopode Conjurer)         Turns: 3614, Time: 00:12:53

HP:   -16/33 (36)   AC:  1    Str:  6    XL:     6   Next: 47%
MP:   11/11         EV: 13    Int: 23    God:
Gold: 90            SH:  0    Dex: 10    Spells: 8/11 levels left

rFire   . . .        c - staff of conjuration
rCold   . . .        (no shield)
rNeg    . . .        (helmet restricted)
rPois   .            (no amulet)
rElec   .            (no ring)
rCorr   .            (no ring)
SInv    .            (no ring)
Will    .....        (no ring)
Stlth   ++++         (no ring)
HPRegen 0.25/turn    (no ring)
MPRegen 0.12/turn    (no ring)
                     (no ring)

%: no passive effects
@: drained
A: almost no armour, amphibious, 8 rings, camouflage 1, gelatinous body 1,
(nimble swimmer 1), tentacles
a: no special abilities


You were on level 4 of the Dungeon.
You visited 1 branch of the dungeon, and saw 4 of its levels.

You collected 90 gold pieces.

Inventory:

Hand Weapons
 e - a +1 dagger of venom
Magical Staves
 c - a staff of conjuration (weapon)
Wands
 j - a wand of charming (6)
Scrolls
 b - a scroll of teleportation
 i - a scroll of poison
Potions
 d - 2 potions of might
 f - 2 potions of curing
 k - a potion of brilliance {unknown}


   Skills:
 + Level 3.7 Dodging
 + Level 5.1 Stealth
 + Level 3.3 Spellcasting
 + Level 5.1 Conjurations


You had 8 spell levels left.
You knew the following spells:

 Your Spells              Type           Power      Damage    Failure   Level
a - Magic Dart            Conj           100%       1d8       1%          1
b - Searing Ray           Conj           82%        2d7       1%          2

Your spell library contained the following spells:

 Spells                   Type           Power      Damage    Failure   Level
 Hailstorm                Conj/Ice       23%        3d7       12%         3
 Summon Ice Beast         Ice/Summ       3%         N/A       32%         3
 Fulminant Prism          Conj/Alch      11%        3d8       36%         4
 Iskenderun's Mystic Bla  Conj/Tloc      23%        2d6       36%         4
 Sculpt Simulacrum        Ice/Alch       1%         N/A       100%        6


Dungeon Overview and Level Annotations

Branches:
Dungeon (4/15)
 Temple: D:4-7

Altars:
Trog
The Shining One

Shops:
D:1 *


Innate Abilities, Weirdness & Mutations

You cannot wear most types of armour.
You are amphibious.
You can wear up to eight rings at the same time.
Your skin changes colour to match your surroundings (Stealth+).
Your rubbery body absorbs attacks. (AC +1, EV +1)
((You are camouflaged when in or above water. (Stealth+)))
You have tentacles for arms and can constrict up to eight enemies at once.


Message History

Press: ? - help, Shift-Dir - straight line, f - wight
Aim: a wight, wielding a +3 halberd and wearing a +0 robe (82% to hit)
You feel a surge of power!
The searing ray misses the wight. (Press . to maintain the ray.)
The searing ray hits the wight.
The wight is lightly damaged.
The searing ray hits the wight.
The wight is moderately damaged.
The wight misses you.
The searing ray hits the wight.
The wight is heavily damaged.
You finish channelling your searing ray.
The wight hits you from afar with a +3 halberd.
Casting: Searing Ray (safe; 1% risk of failure)
Confirm with . or Enter, or press ? or * to list all spells.
You don't have enough magic to cast this spell.
Unknown command.
The wight attacks as it pursues you! The wight closely misses you.
The wight attacks as it pursues you! The wight closely misses you.
The wight attacks as it pursues you!
The wight hits you from afar with a +3 halberd!
You feel drained.
Casting: Searing Ray (safe; 1% risk of failure)
Confirm with . or Enter, or press ? or * to list all spells.
Aiming: Magic Dart (safe; 1% risk of failure)
Press: ? - help, Shift-Dir - straight line, f/p - wight
Aim: a wight, wielding a +3 halberd and wearing a +0 robe (heavily damaged, 100% to hit)
You feel a surge of power!
The magic dart hits the wight.
The wight is heavily damaged.
The wight attacks as it pursues you! The wight misses you.
The wight attacks as it pursues you!
The wight hits you from afar with a +3 halberd!
* * * LOW HITPOINT WARNING * * *
You feel drained.
* * * LOW HITPOINT WARNING * * *
There is a glowing golden altar of the Shining One here.
Magic courses through your body.
The wight hits you from afar with a +3 halberd!!
Ouch! That really hurt!
You die...

################ ####
...............# ###...
#..#####.#####.# #...
#..#####.....#.#
#.#######.<##....###.#.#
..........>##.##.###.#.#
..#######..##.#...##.#.#
.########.....z.@......#
...........#.##...#.####
..#######..#.###.##.#
..# #..#.###....# ..#
####.....#### .##
#####.# ## #...# # #..##
# #..#


You could see a wight.

Vanquished Creatures
  An ogre (D:3)
  2 wights (D:4)
  An adder (D:2)
  3 gnolls (D:3)
  2 ribbon worms
  16 orcs
  5 bats
  3 endoplasms
  3 giant cockroaches
  A goblin (D:3)
  7 hobgoblins
  2 quokkas (D:1)
  14 ball pythons
  4 frilled lizards
  5 kobolds
  6 rats
75 creatures vanquished.

Notes
Turn   | Place    | Note
-------+----------+-------------------------------------------
     0 | D:1      | danspanner the Octopode Conjurer began the quest for the
                  | Orb.
     0 | D:1      | Reached XP level 1. HP: 11/11 MP: 3/3
   229 | D:1      | Reached XP level 2. HP: 17/17 MP: 0/5
   256 | D:1      | Learned a level 2 spell: Searing Ray
   654 | D:1      | Found Huogob's General Store.
   953 | D:1      | Reached XP level 3. HP: 21/21 MP: 4/6
  2153 | D:3      | Reached XP level 4. HP: 27/27 MP: 2/7
  2255 | D:3      | Found a bloodstained altar of Trog.
  2865 | D:3      | Reached XP level 5. HP: 31/31 MP: 6/9
  3109 | D:3      | Noticed an ogre
  3112 | D:3      | Killed an ogre
  3504 | D:4      | Found a glowing golden altar of the Shining One.
  3578 | D:4      | Reached skill level 5 in Stealth
  3578 | D:4      | Reached skill level 5 in Conjurations
  3578 | D:4      | Reached XP level 6. HP: 36/36 MP: 5/10
  3614 | D:4      | Demolished by a wight

Illustrated notes

Levels and vault maps discovered:
D:1:      sevenhm_arrival_forest_fort_large_2, layout_loops_ring, serial_shops,
          shop
D:2:      layout_loops_ring
D:3:      layout_loops_cross, old_standard_altar, minmay_box_of_dots
D:4:      nicolae_cairo_tiling_very_big, layout_rooms,
          nicolae_overflow_crystal_walls

Skill      XL: |  1  2  3  4  5 |
---------------+----------------+-----
Stealth        | 3 4 5 |  5.1
Dodging        | 3 |  3.7
Spellcasting   | 3 |  3.3
Conjurations   | 5 |  5.1

Action                     |  1- 3 |  4- 6 || total
---------------------------+-------+-------++-------
  Melee: Staff             |    16 |    15 ||    31
         Constrict         |     2 |     5 ||     7
         Tentacles         |     1 |     3 ||     4
   Cast: Magic Dart        |    26 |    16 ||    42
         Searing Ray       |    22 |    20 ||    42
    Use: Scroll            |     5 |     4 ||     9
         Potion            |       |     1 ||     1
   Stab: Sleeping          |     3 |       ||     3
 Armour: Skin              |     8 |     9 ||    17
  Dodge: Dodged            |    21 |    17 ||    38

Table legend: (Time is in decaauts)
 A = Elapsed time spent in this place.
 B = Non-inter-level travel time spent in this place.
 C = Inter-level travel time spent in this place.
 D = Time resting spent in this place.
 E = Time spent auto-exploring this place.
 F = Levels seen in this place.
 G = Mean time per level.
                   A        B        C        D        E       F      G
               +--------+--------+--------+--------+--------+-----+--------+
         Total |   3618 |   3503 |    115 |      5 |   3033 |   4 |  904.5 |
       Dungeon |   3618 |   3503 |    115 |      5 |   3033 |   4 |  904.5 |
               +--------+--------+--------+--------+--------+-----+--------+

Top non-repeatable levels by time:
     D:3: 1342 daAuts
     D:1: 1285 daAuts
     D:2: 849 daAuts
     D:4: 141 daAuts
